 Dungeon Crawl Stone Soup version 0.26-a0-597-gb535b0901c (webtiles) character file.

Game seed: 9804581678170033661

10334 Goblin1989 the Covert (level 11, -2/56 HPs)
             Began as a Spriggan Brigand on Aug 27, 2020.
             Was a Follower of Uskayaw.
             Slain by a porcupine (9 damage)
             ... on level 2 of the Lair of Beasts.
             The game lasted 00:40:59 (17946 turns).

Goblin1989 the Covert (Spriggan Brigand)           Turns: 17946, Time: 00:41:00

Health: -2/56      AC:  6    Str:  7    XL:     11   Next: 34%
Magic:  16/16      EV: 26    Int: 15    God:    Uskayaw [*.....]
Gold:   695        SH:  7    Dex: 21    Spells: 13/16 levels left

rFire    . . .     SeeInvis +   J - +3 short sword
rCold    + . .     Faith    .   E - +0 buckler
rNeg     + . .     Spirit   .   H - +3 robe of Xyhiolow {rN+ Regen+ Int+4}
rPois    .         Reflect  .   (helmet restricted)
rElec    .         Harm     .   Y - +0 cloak
rCorr    .         Rnd*Rage +   (gloves unavailable)
MR       ++...                  (boots unavailable)
Stlth    +++++.....             r - amulet of regeneration
HPRegen  0.98/turn              m - ring of protection from magic
MPRegen  0.15/turn              c - ring of protection from cold

@: very quick
A: very small, unfitting armour, see invisible, berserk 1, dopey 1, speed 3, no
potion heal 1
a: Stomp, Renounce Religion


You were on level 2 of the Lair of Beasts.
You worshipped Uskayaw.
Uskayaw was noncommittal.
You visited 3 branches of the dungeon, and saw 14 of its levels.
You also visited: Sewer and Gauntlet.

You collected 820 gold pieces.
You spent 125 gold pieces at shops.

Inventory:

Hand Weapons
 i - a +0 rapier
 v - the +1 dagger "Uloyniru" {freeze, rPois Dex+4 Stlth+}
   (You found it in a Gauntlet)

   It has been specially enchanted to freeze those struck by it, causing extra
   injury to most foes and up to half again as much damage against particularly
   susceptible opponents.
   It can also slow down cold-blooded creatures.
   It affects your dexterity (+4).
   It protects you from poison.
   It makes you more stealthy.
 F - a +1 dagger of venom
 J - a +3 short sword (weapon)
 W - a +0 hunting sling
Missiles
 d - 34 poisoned darts (quivered)
 f - 71 bolts
 n - 367 stones {@Q3}
 o - 116 sling bullets
 D - 7 datura-tipped darts
 G - 8 atropa-tipped darts
 N - 178 arrows
 P - a curare-tipped dart
 Z - a throwing net {!d , @Q1}
Armour
 w - a +2 robe of fire resistance
 E - a +0 buckler (worn)
 H - the +3 robe of Xyhiolow (worn) {rN+ Regen+ Int+4}
   (You found it in a Gauntlet)

   It affects your intelligence (+4).
   It protects you from negative energy.
   It increases your rate of regeneration.
 Y - a +0 cloak (worn)
Jewellery
 c - a ring of protection from cold (right hand)
 l - an uncursed ring of flight
 m - a ring of protection from magic (left hand)
 r - an amulet of regeneration (around neck)
 C - the ring "Yhalimibe" {Fire MP+9 Dex+2}
   (You found it in a Gauntlet)

   [ring of fire]

   It enhances your fire magic.
   It affects your dexterity (+2).
   It protects you from fire.
   It makes you vulnerable to cold.
   It affects your magic capacity (+9).
 K - the ring "Qalemutimm" {rF- rC+ MR+ Dex-4 Slay+3}
   (You bought it in a shop on level 4 of the Dungeon)

   [ring of dexterity]

   It affects your dexterity (-4).
   It affects your accuracy and damage with ranged weapons and melee attacks
   (+3).
   It makes you vulnerable to fire.
   It protects you from cold.
   It affects your resistance to hostile enchantments.
Wands
 s - a wand of iceblast (5) {@v4}
 u - a wand of digging (2) {@v1}
Scrolls
 h - 4 scrolls of fog
 j - 3 scrolls of enchant armour {unknown}
 y - 4 scrolls of vulnerability {unknown}
 z - 2 scrolls of enchant weapon {unknown}
 A - a scroll of amnesia {unknown}
 B - 2 scrolls of blinking
 M - a scroll of magic mapping
 O - 2 scrolls of fear {unknown}
 R - 7 scrolls of identify {@r1}
 S - 5 scrolls of remove curse {@r3}
 T - 5 scrolls of teleportation {!r, @r2}
Potions
 k - 2 potions of curing {@q1}
 p - 2 potions of resistance {@q6}
 x - a potion of mutation {!q}
 I - a potion of invisibility
 L - a potion of stabbing
 Q - 3 potions of flight
 U - 3 potions of brilliance
 V - 2 potions of magic
 X - 2 potions of lignification
Miscellaneous
 t - a phial of floods


   Skills:
 + Level 5.6 Fighting
 * Level 11.8 Short Blades
 - Level 2.0 Throwing
 + Level 9.5 Dodging
 - Level 12.0 Stealth
 + Level 3.6 Shields
 - Level 3.0 Spellcasting
 - Level 3.0 Necromancy
 + Level 4.9 Invocations


You had 13 spell levels left.
You knew the following spells:

 Your Spells              Type           Power        Failure   Level
a - Corona                Hex            #......      26%         1
b - Animate Skeleton      Necr           ##....       8%          1
o - Apportation           Tloc           #.....       26%         1

Your spell library contained the following spells:

 Spells                   Type           Power        Failure   Level
 Pain                     Necr           ##..         8%          1
 Vampiric Draining        Necr           ##........   22%         3
 Foxfire                  Conj/Fire      #...         26%         1
 Magic Dart               Conj           #...         26%         1
 Summon Small Mammal      Summ           #...         26%         1
 Searing Ray              Conj           #.....       36%         2
 Dazzling Flash           Conj/Hex       #.....       58%         3
 Ignite Poison            Fire/Tmut/Pois #.......     58%         3
 Animate Dead             Necr           ##........   58%         4
 Agony                    Necr           ##......     90%         5
 Cause Fear               Hex            #.........   94%         4
 Fulminant Prism          Conj/Hex       #.........   94%         4
 Iskenderun's Mystic Bla  Conj/Tloc      #.......     94%         4
 Bolt of Magma            Conj/Fire/Erth #.........   100%        5
 Fireball                 Conj/Fire      #.........   100%        5
 Iskenderun's Battlesphe  Conj           #.......     100%        5
 Iron Shot                Conj/Erth      #.........   100%        6
 Starburst                Conj/Fire      #.........   100%        6
 Dragon Form              Tmut           #.........   100%        7
 Malign Gateway           Summ/Tloc      #.........   100%        7
 Monstrous Menagerie      Summ           #.........   100%        7
 Orb of Destruction       Conj           #.........   100%        7
 Spellforged Servitor     Conj/Summ      #.........   100%        7
 Summon Greater Demon     Summ           #.........   100%        7
 Ignition                 Fire           #.........   100%        8
 Summon Horrible Things   Summ           #.........   100%        8
 Dragon's Call            Summ           #.........   100%        9


Dungeon Overview and Level Annotations

Branches:
Dungeon (11/15)            Temple (1/1) D:4            Lair (2/6) D:11
  Sewer (visited)         Gauntlet (visited)
  Swamp: Lair:2-4    Shoals: Lair:2-4     Snake: Lair:2-4    Spider: Lair:2-4
    Orc: D:9-12

Altars:
Ashenzari
Cheibriados
Dithmenos
Elyvilon
Fedhas
Gozag
Hepliaklqana
Kikubaaqudgha
Makhleb
Nemelex Xobeh
Okawaru
Qazlal
Ru
Sif Muna
Trog
Uskayaw
Vehumet
Wu Jian
Xom
Yredelemnul
Zin
The Shining One

Shops:
D:4 *

Annotations:
D:2 Jessica
D:4 1 runed translucent door, Xoff's ghost, novice GnAM
D:8 Prince Ribbit


Innate Abilities, Weirdness & Mutations

You are very small and have problems with some larger weapons.
You are too small for most types of armour.
You have supernaturally acute eyesight. (SInv)
You cover ground extremely quickly.
You tend to lose your temper in combat.
You are dopey. (Int -2)
Potions are less effective at restoring your health.


Message History

No target in view!
No target in view!
No target in view!
n - 367 stones {@Q3} (gained 22)
You can no longer pass through a line of other dancers.
A porcupine comes into view.
A porcupine is nearby!
You barely miss the porcupine. The porcupine closely misses you.
You hit the porcupine. You freeze the porcupine.
The porcupine is lightly wounded.
The porcupine closely misses you.
You are struck by the porcupine's spines.
You completely miss the porcupine.
The porcupine is lightly wounded.
You take 15 damage, and have 41/56 hp.
MASSIVE DAMAGE!!
You hit the porcupine but do no damage.
The porcupine is lightly wounded.
The porcupine completely misses you.
You are struck by the porcupine's spines.
You hit the porcupine but do no damage.
The porcupine is lightly wounded.
You take 8 damage, and have 33/56 hp.
You are too injured to fight recklessly!
You are too injured to fight recklessly!
You are too injured to fight recklessly!
You are too injured to fight recklessly!
You are too injured to fight recklessly!
You are too injured to fight recklessly!
You are too injured to fight recklessly!
A porcupine is nearby!
Found a ring mail.
The +1 dagger "Uloyniru" {freeze, rPois Dex+4 Stlth+} stops glowing.
J - a +3 short sword (weapon)
You completely miss the porcupine.
The porcupine is lightly wounded.
You block the porcupine's attack.
You are struck by the porcupine's spines.
* * * LOW HITPOINT WARNING * * *
You hit the porcupine.
The porcupine is moderately wounded.
You take 17 damage, and have 19/56 hp.
MASSIVE DAMAGE!!
You are too injured to fight recklessly!
You are too injured to fight recklessly!
You are too injured to fight recklessly!
You are too injured to fight recklessly!
You are too injured to fight recklessly!
You are too injured to fight recklessly!
You are too injured to fight recklessly!
You are too injured to fight recklessly!
You are too injured to fight recklessly!
You are too injured to fight recklessly!
You are too injured to fight recklessly!
You are too injured to fight recklessly!
You are too injured to fight recklessly!
You are too injured to fight recklessly!
You are too injured to fight recklessly!
You are too injured to fight recklessly!
You are too injured to fight recklessly!
You are too injured to fight recklessly!
You are too injured to fight recklessly!
You are too injured to fight recklessly!
You are too injured to fight recklessly!
You barely miss the porcupine.
The porcupine is moderately wounded.
You block the porcupine's attack.
You are struck by the porcupine's spines.
* * * LOW HITPOINT WARNING * * *
You hit the porcupine but do no damage.
The porcupine is moderately wounded.
You take 12 damage, and have 8/56 hp.
MASSIVE DAMAGE!!
You puncture the porcupine!
The porcupine is severely wounded.
You block the porcupine's attack.
You hit the porcupine but do no damage.
The porcupine is severely wounded.
The porcupine misses you.
You hit the porcupine.
The porcupine is almost dead.
You can now pass through a line of other dancers.
You closely miss the porcupine.
The porcupine is almost dead.
The porcupine bites you but does no damage.
You are struck by the porcupine's spines.
* * * LOW HITPOINT WARNING * * *
You hit the porcupine but do no damage.
The porcupine is almost dead.
The porcupine barely misses you.
You take 9 damage, and have 1/56 hp.
Your system partially rejects the healing.
You feel much better. The porcupine bites you.
* * * LOW HITPOINT WARNING * * *
You regained 11 hp, and now have 12/56 hp.
You are struck by the porcupine's spines.
* * * LOW HITPOINT WARNING * * *
You barely miss the porcupine.
The porcupine is almost dead.
You take 7 damage, and have 5/56 hp.
You can no longer pass through a line of other dancers.
The porcupine bites you!
You die...

.....██ █.......██
......█ █.........
.....███ █.....P.█
.....█.█.█████.....P█
.....∆.............█
.....████.█........█
█.█▲█..█ █..[..█.█
██...███ █......█
█...███ ██.@████
█<.█..████


█r██ ..██.██.P█ █.█ ........████ █.█ .........██.███.████
........████.██.█P.██$██.█ .†.......................█ ........█.██.█P...█.██PP.▲
.........██████..████ P You could see a porcupine.

Vanquished Creatures
  A centaur warrior (D:9)
  A manticore (D:11)
  2 cane toads (Lair:2)
  2 komodo dragons (Lair:2)
  2 hippogriffs
  A wyvern (D:11)
  2 wraiths
  12 yaks
  2 humans (D:9)
  Menkaure (D:7)
  3 water moccasins
  A small abomination (Gauntlet)
  A soldier ant (D:11)
  3 black bears
  An orc warrior (D:7)
  5 porcupines
  2 sky beasts
  An ice beast (D:11)
  2 phantoms (D:11)
  5 ogres
  2 centaurs
  4 crocodiles
  8 bullfrogs
  A water moccasin zombie (D:7)
  6 scorpions
  A killer bee (D:10)
  8 wights
  6 howler monkeys
  2 jellies
  4 hounds
  2 orc priests
  3 bullfrog skeletons
  6 orc wizards
  Natasha (twice) (D:2)
  3 iguanas
  7 worker ants
  4 hound skeletons
  A howler monkey skeleton (D:7)
  3 gnolls
  11 adders
  A shadow imp (D:7)
  An ooze (D:4)
  A worm (D:2)
  2 dart slugs
  5 leopard geckos
  23 orcs
  6 giant cockroaches
  6 goblins
  8 hobgoblins
  11 jackals
  6 quokkas
  4 ball pythons
  12 bats
  3 frilled lizards
  10 kobolds
  A leopard gecko skeleton (D:5)
  A leopard gecko zombie (D:5)
  A quokka skeleton (D:4)
  A quokka zombie (D:8)
  4 rats
241 creatures vanquished.

Vanquished Creatures (collateral kills)
  A scorpion (D:4)
  A worm (D:4)
2 creatures vanquished.

Vanquished Creatures (others)
  2 demonic plants (Gauntlet)
  44 fungi
  46 plants (D:11)
  2 withered plants (D:4)
94 creatures vanquished.

Grand Total: 337 creatures vanquished

Notes
Turn   | Place    | Note
-------+----------+-------------------------------------------
     0 | D:1      | Goblin1989 the Spriggan Brigand began the quest for the
                  | Orb.
     0 | D:1      | Reached XP level 1. HP: 10/10 MP: 2/2
   138 | D:1      | Reached skill level 6 in Stealth
   165 | D:1      | Reached XP level 2. HP: 14/14 MP: 3/3
  1312 | D:2      | Noticed Natasha
  1312 | D:2      | Noticed Jessica
  1431 | D:2      | Reached XP level 3. HP: 18/18 MP: 4/4
  1712 | D:2      | Killed Natasha
  2018 | D:2      | Reached XP level 4. HP: 21/22 MP: 5/5
  2153 | D:2      | Noticed Natasha
  2161 | D:2      | Killed Natasha
  2161 | D:2      | Reached skill level 7 in Stealth
  2275 | D:3      | Found a glowing drain.
  2304 | Sewer    | Entered a sewer
  2557 | Sewer    | Noticed a crocodile
  2574 | Sewer    | Killed a crocodile
  2574 | Sewer    | Reached skill level 5 in Short Blades
  2574 | Sewer    | Reached XP level 5. HP: 14/25 MP: 6/6
  3122 | D:3      | Learned a level 1 spell: Animate Skeleton
  3124 | D:3      | Learned a level 1 spell: Apportation
  3126 | D:3      | Learned a level 1 spell: Corona
  3733 | D:4      | Reached skill level 1 in Spellcasting
  3734 | D:4      | Reached XP level 6. HP: 30/30 MP: 6/8
  3756 | D:4      | Reached skill level 1 in Necromancy
  3761 | D:4      | Reached skill level 8 in Stealth
  4030 | D:4      | Found a runed translucent door.
  4030 | D:4      | Noticed Xoff's ghost (novice GnAM)
  4684 | D:4      | Found a staircase to the Ecumenical Temple.
  4693 | Temple   | Entered the Ecumenical Temple
  4943 | D:4      | Found Mothut's Assorted Antiques.
  4946 | D:4      | Bought a twitching bone ring for 125 gold pieces
  4946 | D:4      | Identified the cursed ring "Qalemutimm" {rF- rC+ MR+ Dex-4
                  | Slay+3} (You bought it in a shop on level 4 of the Dungeon)
  4977 | D:4      | Reached XP level 7. HP: 24/33 MP: 11/11
  5234 | D:4      | Found an opulent altar of Gozag.
  5234 | D:4      | Found a hazy altar of Hepliaklqana.
  5309 | D:5      | Entered Level 5 of the Dungeon
  6688 | D:6      | Reached skill level 9 in Stealth
  6688 | D:6      | Reached XP level 8. HP: 15/39 MP: 13/13
  9101 | D:7      | Reached skill level 5 in Dodging
  9101 | D:7      | Reached skill level 10 in Stealth
  9926 | D:7      | Noticed Menkaure
  9949 | D:7      | Killed Menkaure
  9949 | D:7      | Reached XP level 9. HP: 44/44 MP: 14/14
 11617 | D:8      | Found a hide-covered altar of Uskayaw.
 11621 | D:8      | Became a worshipper of Uskayaw the Reveler
 11655 | D:8      | Reached * piety under Uskayaw
 11672 | D:8      | Reached ** piety under Uskayaw
 12200 | D:8      | Reached *** piety under Uskayaw
 12201 | D:8      | Reached skill level 1 in Invocations
 12240 | D:8      | Noticed Prince Ribbit
 12862 | D:9      | Found an iron altar of Okawaru.
 12894 | D:9      | Reached skill level 1 in Shields
 13108 | D:9      | Found a stormy altar of Qazlal.
 13387 | D:10     | Entered Level 10 of the Dungeon
 13463 | D:10     | Noticed an efreet
 13466 | D:10     | Noticed a green ugly thing
 13467 | D:10     | Noticed an unseen horror
 13468 | D:10     | Noticed a centaur warrior
 13468 | D:10     | Noticed a skeletal warrior
 13468 | D:10     | Noticed a troll
 13558 | D:9      | HP: 2/45 [hippogriff (6)]
 13559 | D:9      | Reached skill level 11 in Stealth
 14028 | D:10     | Found a burning altar of Makhleb.
 14029 | D:10     | Found an opulent altar of Gozag.
 14196 | D:10     | Noticed a centaur warrior
 14215 | D:9      | Killed a centaur warrior
 14215 | D:9      | Reached skill level 10 in Short Blades
 14215 | D:9      | Reached XP level 10. HP: 24/51 MP: 15/15
 14663 | D:10     | Noticed an unseen horror
 14779 | D:11     | Found a gate leading to a gauntlet.
 14786 | Gauntlet | Entered a Gauntlet
 14786 | Gauntlet | Found a transporter.
 14786 | Gauntlet | Found a transporter.
 14786 | Gauntlet | Noticed a queen ant
 14885 | Gauntlet | Found a transporter.
 14885 | Gauntlet | Found a transporter.
 14888 | Gauntlet | Found a transporter.
 14888 | Gauntlet | Found a transporter.
 14890 | Gauntlet | Found a large runed translucent door.
 14891 | Gauntlet | Found a large runed translucent door.
 14892 | Gauntlet | Found a large runed translucent door.
 14892 | Gauntlet | Found a large runed translucent door.
 14892 | Gauntlet | Found a runed translucent door.
 14893 | Gauntlet | Found a large runed translucent door.
 14894 | Gauntlet | Found a large runed translucent door.
 14894 | Gauntlet | Noticed a large abomination
 14895 | Gauntlet | Found a large runed translucent door.
 14895 | Gauntlet | Found a large runed translucent door.
 14896 | Gauntlet | Found a runed translucent gate.
 14898 | Gauntlet | Found a transporter.
 14902 | Gauntlet | Found a transporter.
 14904 | Gauntlet | Noticed a brown ugly thing
 14904 | Gauntlet | Noticed a brown ugly thing
 14905 | Gauntlet | Noticed a glowing orange brain
 14912 | Gauntlet | Found a transporter.
 14924 | Gauntlet | Noticed a glowing orange brain
 15006 | Gauntlet | Found a large runed translucent door.
 15007 | Gauntlet | Found a large runed translucent door.
 15008 | Gauntlet | Found a large runed translucent door.
 15008 | Gauntlet | Found a large runed translucent door.
 15008 | Gauntlet | Found a runed translucent door.
 15009 | Gauntlet | Found a large runed translucent door.
 15010 | Gauntlet | Found a large runed translucent door.
 15011 | Gauntlet | Found a large runed translucent door.
 15011 | Gauntlet | Found a large runed translucent door.
 15012 | Gauntlet | Found a runed translucent gate.
 15012 | Gauntlet | Found a runed translucent gate.
 15014 | Gauntlet | Found a transporter.
 15018 | Gauntlet | Found a transporter.
 15028 | Gauntlet | Found a transporter.
 15028 | Gauntlet | Noticed a cacodemon
 15136 | Gauntlet | Got a shimmering robe
 15138 | Gauntlet | Got a smoking golden ring
 15227 | Gauntlet | Identified the +3 robe of Xyhiolow {rN+ Regen+ Int+4} (You
                  | found it in a Gauntlet)
 15228 | Gauntlet | Identified the ring "Yhalimibe" {Fire MP+9 Dex+2} (You
                  | found it in a Gauntlet)
 15237 | Gauntlet | Gained mutation: Potions are less effective at restoring
                  | your health. [a cacodemon]
 15239 | Gauntlet | Gained mutation: You are dopey. (Int -2) [a cacodemon]
 15242 | Gauntlet | Gained mutation: You tend to lose your temper in combat. [a
                  | cacodemon]
 15302 | Gauntlet | Identified the +6 long sword of Cifourr {vorpal, rElec
                  | rPois rF+}
 15302 | Gauntlet | Identified the amulet of Huimadis {Faith rN+ SInv}
 15302 | Gauntlet | Noticed a minotaur
 15306 | Gauntlet | Got a brightly glowing dagger
 15336 | D:11     | Identified the +1 dagger "Uloyniru" {freeze, rPois Dex+4
                  | Stlth+} (You found it in a Gauntlet)
 15447 | D:11     | Noticed a manticore
 15450 | D:11     | Reached **** piety under Uskayaw
 15454 | D:11     | Killed a manticore
 15558 | D:11     | Reached skill level 5 in Fighting
 15558 | D:11     | Reached skill level 12 in Stealth
 15796 | D:11     | Reached ***** piety under Uskayaw
 15881 | D:11     | Found a staircase to the Lair.
 15882 | D:11     | Reached XP level 11. HP: 56/56 MP: 16/16
 16055 | D:11     | Got an encrusted quarterstaff
 16719 | Lair:1   | Entered Level 1 of the Lair of Beasts
 17939 | Lair:2   | HP: 1/56 [porcupine's spines (9)]
 17946 | Lair:2   | Slain by a porcupine

Illustrated notes

Levels and vault maps discovered:
D:1:      elethiomel_arrival_infinity_welcomes_careful_drivers, layout_rooms,
          serial_rivers, chequers_serial_rivers_small_b,
          chequers_serial_rivers_large_a, chequers_serial_rivers_micro_d,
          chequers_serial_rivers_micro_c, chequers_serial_rivers_small_b,
          chequers_serial_rivers_room_a, minmay_stone_trees_small,
          minmay_misc_feat_room, st_stairs_10
D:2:      layout_basic, uniq_natasha, uniq_jessica
D:3:      layout_loops_cross, portal_sewer_entry_b,
          minmay_misc_feat_four_crosses
D:4:      layout_cave_pools, gammafunk_temple_overflow_wave,
          minmay_temple_entry_mist, gammafunk_ghost_grave, serial_shops,
          kennysheep_mini
D:5:      layout_rooms, minivault_4
D:6:      layout_basic
D:7:      layout_basic, uniq_menkaure
D:8:      layout_loops_cross, marbit_many_paths, chequers_serial_rivers_micro_c,
          uniq_prince_ribbit1
D:9:      layout_rooms, okawaru_humans, grunt_qazlal_clouds, minivault_5
D:10:     minmay_the_grid_octo_tiled_squarecenter [minmay_the_grid_octo_horde,
          minmay_the_grid_octo_77, minmay_the_grid_octo_shrine,
          minmay_the_grid_octo_empty, minmay_the_grid_square_5x5_megaprize_open,
          minmay_the_grid_square_5x5_n, minmay_the_grid_square_5x5_z,
          minmay_the_grid_square_5x5_empty, minmay_the_grid_square_5x5_comb],
          layout_rooms
D:11:     layout_basic, due_lair_maze_entry_diamond, gauntlet_entry_generic
Temple:   minmay_crystal_spiral_temple
Lair:1:   layout_loops_ring
Lair:2:   layout_roguey, serial_bayou_shore_a

Skill      XL: |  1  2  3  4  5  6  7  8  9 10 11 |
---------------+----------------------------------+-----
Stealth        | 6 7 8 9 10 11 12 | 12.0
Short Blades   | 3 4 5 6 7 8 10 11 | 11.8
Spellcasting   | 1 2 3 |  3.0
Necromancy     | 1 2 3 |  3.0
Dodging        | 3 5 7 8 9 |  9.5
Fighting       | 2 3 4 5 |  5.6
Invocations    | 2 4 |  4.9
Shields        | 1 3 |  3.6
Throwing       | |  2.0

Action                   |  1- 3 |  4- 6 |  7- 9 | 10-12 || total
-------------------------+-------+-------+-------+-------++-------
Melee: Dagger            |   110 |   276 |   186 |   189 ||   761
       Short sword       |       |       |   317 |   222 ||   539
Throw: Dart              |    12 |    21 |    67 |    16 ||   116
       Stone             |       |     1 |       |       ||     1
 Cast: Animate Skeleton  |       |     3 |       |       ||     3
Evoke: Wand              |       |       |     7 |       ||     7
  Use: Potion            |       |     2 |     3 |     2 ||     7
       Scroll            |       |     4 |     9 |     5 ||    18
 Stab: Sleeping          |    11 |    11 |    30 |    14 ||    66
       Paralysed         |       |       |     6 |     8 ||    14
       Distracted        |       |       |     4 |     3 ||     7
Armor: Robe              |    18 |    27 |    20 |    10 ||    75
Dodge: Dodged            |    82 |   209 |   249 |   172 ||   712
Block: Buckler           |       |       |    48 |    80 ||   128

Table legend: (Time is in decaauts)
 A = Elapsed time spent in this place.
 B = Non-inter-level travel time spent in this place.
 C = Inter-level travel time spent in this place.
 D = Time resting spent in this place.
 E = Time spent auto-exploring this place.
 F = Levels seen in this place.
 G = Mean time per level.
                   A        B        C        D        E       F      G
               +--------+--------+--------+--------+--------+-----+--------+
         Total |  13801 |  13209 |    592 |   4541 |   6087 |  16 |  862.6 |
       Dungeon |  11888 |  11359 |    529 |   4126 |   5062 |  11 | 1080.7 |
        Temple |    114 |     64 |     50 |      0 |     62 |   1 |  114.0 |
          Lair |    766 |    754 |     12 |     19 |    584 |   2 |  383.0 |
         Sewer |    642 |    642 |      0 |    336 |    188 |   1 |  642.0 |
      Gauntlet |    390 |    390 |      0 |     59 |    189 |   1 |  390.0 |
               +--------+--------+--------+--------+--------+-----+--------+

Top non-repeatable levels by time:
     D:7: 2099 daAuts
     D:6: 1779 daAuts
     D:9: 1471 daAuts
     D:3: 1042 daAuts
     D:8: 1021 daAuts
     D:4: 977 daAuts
    D:11: 964 daAuts
     D:2: 918 daAuts
     D:1: 836 daAuts
   Sewer: 642 daAuts
     D:5: 632 daAuts
  Lair:1: 460 daAuts
Gauntlet: 390 daAuts
  Lair:2: 305 daAuts
    D:10: 144 daAuts
